 Dungeon Crawl Stone Soup version 0.28-a0-43-g560ac104fe (webtiles) character file.

Game seed: 13571525036055895946

7516 Spectrina the Geomancer (level 10, 0/54 HPs)
             Began as a Deep Elf Delver on July 27, 2021.
             Was a Priest of Vehumet.
             Killed from afar by a fire dragon (24 damage)
             ... with a blast of flame
             ... in a volcano on July 28, 2021.
             The game lasted 01:17:17 (4714 turns).

Spectrina the Geomancer (Deep Elf Delver)           Turns: 4714, Time: 01:17:18

Health: 0/54       AC: 13    Str:  9    XL:     10   Next: 95%
Magic:  0/26       EV: 16    Int: 21    God:    Vehumet [***...]
Gold:   170        SH:  5    Dex: 16    Spells: 8/29 levels left

rFire   . . .      SeeInvis .   x - +1 short sword (elec)
rCold   . . .      Faith    .   N - +0 buckler
rNeg    + . .      Spirit   +   C - +2 robe {rN+}
rPois   .          Reflect  .   s - +1 helmet
rElec   .          Harm     .   Q - +0 cloak
rCorr   .          Rampage  .   B - +0 pair of gloves
Will    +....                   a - +0 pair of boots
Stlth   +++.......              n - amulet of guardian spirit
HPRegen 0.18/turn               l - +4 ring of protection
MPRegen 0.20/turn               q - +4 ring of evasion

@: brilliant, hasted, very quick
A: clever 1
a: Renounce Religion


You were in a volcano.
You worshipped Vehumet.
Vehumet was most pleased with you.
You visited 2 branches of the dungeon, and saw 11 of its levels.
You also visited: Volcano.

You collected 404 gold pieces.
You spent 234 gold pieces at shops.

Inventory:

Hand Weapons
 e - a +0 dire flail
 k - a +0 hunting sling of venom
 x - a +1 short sword of electrocution (weapon)
 D - a +0 vorpal long sword
 F - a +1 glaive of protection
 O - a +0 dagger of electrocution
Missiles
 j - 29 boomerangs
 m - 74 arrows
 p - 53 bolts
 r - 128 stones
 z - 2 throwing nets
 I - 11 poisoned darts (quivered)
 L - 5 sling bullets
 M - 2 atropa-tipped darts
 P - a curare-tipped dart
Armour
 a - a +0 pair of boots (worn)
 b - a +0 leather armour
 s - a +1 helmet (worn)
 w - a +0 leather armour of cold resistance
 B - a +0 pair of gloves (worn)
 C - a +2 robe of positive energy (worn)
 N - a +0 buckler (worn)
 Q - a +0 cloak (worn)
Jewellery
 l - a +4 ring of protection (left hand)
 n - an amulet of guardian spirit (around neck)
 q - a +4 ring of evasion (right hand)
 H - a ring of wizardry
Wands
 g - a wand of digging (3)
 u - a wand of polymorph (5)
 R - a wand of mindburst (7)
Scrolls
 c - 2 scrolls of fog
 d - 2 scrolls of magic mapping
 i - a scroll of vulnerability
 v - a scroll of immolation
 y - 2 scrolls of brand weapon
 E - 2 scrolls of teleportation
 S - a scroll of holy word {unknown}
Potions
 f - 2 potions of haste
 h - a potion of lignification {unknown}
 o - a potion of curing
 t - a potion of flight
 A - a potion of attraction
 G - 2 potions of ambrosia


   Skills:
 - Level 2.4 Fighting
 - Level 2.0 Short Blades
 - Level 2.4 Dodging
 - Level 6.0 Stealth
 + Level 3.2 Shields
 + Level 10.2 Spellcasting
 + Level 8.7 Conjurations
 + Level 2.4 Hexes
 + Level 7.4 Fire Magic
 * Level 10.2 Earth Magic


You had 8 spell levels left.
You knew the following spells:

 Your Spells              Type           Power      Damage    Failure   Level
a - Magic Dart            Conj           100%       1d8       1%          1
d - Sandblast             Erth           100%       2d20      1%          1
f - Stone Arrow           Conj/Erth      100%       3d13      1%          3
l - Static Discharge      Conj/Air       43%        N/A       1%          2
m - Call Imp              Summ           16%        N/A       11%         2
p - Inner Flame           Hex/Fire       47%        N/A       1%          3
q - Bolt of Magma         Conj/Fire/Erth 32%        4d14      1%          5
y - Fulminant Prism       Conj/Hex       25%        3d14      1%          4

Your spell library contained the following spells:

 Spells                   Type           Power      Damage    Failure   Level
 Mephitic Cloud           Conj/Pois/Air  34%        N/A       1%          3
 Shatter                  Erth           34%        3d28*     100%        9


Dungeon Overview and Level Annotations

Branches:
Dungeon (9/15)             Temple (0/1) D:6            Lair (2/6) D:9
Volcano (1/1)
  Swamp: Lair:2-4    Shoals: Lair:2-4     Snake: Lair:2-4    Spider: Lair:2-4
    Orc: D:9-12

Altars:
Ashenzari
Vehumet

Shops:
D:6 *

Annotations:
D:4 Blork the orc
D:8 2 transporters, Shayle's ghost, novice DsEn
D:9 3 runed translucent doors, indyram44's ghost, novice DsFi
Lair:2 1 runed translucent door, FIREandBLOOD's ghost, novice DEAM


Innate Abilities, Weirdness & Mutations

Your mind is acute. (Int +2)


Message History

The blast of flame hits you!
* * * LOW HITPOINT WARNING * * *
There is an open door here.
You see here a steam dragon corpse.
Unknown command.
You feel better.
Your fulminant prism crackles loudly.
You hear an explosion!
The blast of energy engulfs the fire dragon!
The fire dragon is lightly wounded.
The blast of energy engulfs you!
* * * LOW HITPOINT WARNING * * *
You hear an angry hiss.
You feel better.
Unknown command.
Casting: Fulminant Prism (dangerous; 1% risk of failure)
Confirm with . or Enter, or press ? or * to list all spells.
Aiming: Sandblast (safe; 1% risk of failure)
Press: ? - help, Shift-Dir - straight line, f - fire dragon
Aim: a fire dragon (lightly wounded, catching its breath, 88% to hit)
You feel a surge of power!
The blast of sand misses the fire dragon.
r - 128 stones You block the fire dragon's attack.
The fire dragon barely misses you.
The fire dragon tramples you but does no damage.
Aiming: Paralyse
Press: ? - help, Shift-Dir - straight line, f/p - fire dragon
Aim: a fire dragon (lightly wounded, catching its breath, chance to affect: 15%)
The fire dragon resists with almost no effort.
Unknown command.
Aiming: Paralyse
Press: ? - help, Shift-Dir - straight line, f/p - fire dragon
Aim: a fire dragon (lightly wounded, catching its breath, chance to affect: 15%)
The fire dragon resists with almost no effort.
The now-empty wand crumbles to dust.
You block the fire dragon's attack. The fire dragon closely misses you.
The fire dragon completely misses you.
You feel better. The fire dragon breathes flames at you.
The blast of flame hits you!!
You die...

≈≈≈≈≈≈§§§≈≈≈≈≈≈≈≈≈§≈≈§§§
≈≈≈≈≈≈§≈.§§.....§§......
≈≈≈≈≈≈§§########+###### ≈§§§§≈≈§#
#.# ≈§§≈≈≈≈.# #.# §§≈≈≈≈≈.# #.# .
§ ≈§≈§§§≈.# #.# #.≈§§§§§§
≈§§§§≈≈.######.#.# #.≈§§≈§§≈
≈§≈≈≈§..#......#@# #.≈≈≈§≈§≈
≈≈§§§≈≈.###++###D###++###.≈§§§≈≈≈
≈≈≈≈≈§≈.# #....*#....#..≈≈≈≈≈≈
≈≈≈§≈§§.# #.8_8.#..∩.#.≈≈≈≈≈≈≈
≈≈≈≈≈≈§§# +.....'....#.≈§§≈≈≈§
≈§≈°≈≈§§#################.≈≈≈≈≈≈≈
§§≈≈≈≈§§§.................§≈≈≈§§≈
≈§≈≈§≈≈≈.≈.≈≈≈≈.≈.≈≈≈≈§≈§.≈≈≈≈§§≈
§§§≈≈§≈≈§≈≈≈≈≈§≈≈≈.≈≈§≈≈≈≈§≈§§≈≈≈


You could see a fire dragon (catching breath).

Vanquished Creatures
  A two-headed ogre (D:7)
  A lindwurm (Volcano)
  A cane toad (Lair:1)
  A rime drake (Lair:2)
  A troll (D:9)
  Prince Ribbit (D:6)
  A wyvern (D:8)
  A yak (Lair:1)
  4 fire bats (Volcano)
  2 basilisks
  A vampire mosquito (D:7)
  Grum (D:8)
  3 steam dragons
  An acid dragon (D:7)
  4 water moccasins
  3 orc warriors (D:7)
  2 ice beasts
  A centaur (D:7)
  6 wolves
  A phantom (D:6)
  2 kobold brigands
  8 bullfrogs
  A scorpion (D:7)
  A water moccasin skeleton (D:6)
  2 killer bees (D:7)
  3 electric eels (Lair:1)
  6 howler monkeys
  2 bullfrog zombies
  6 lava snakes (Volcano)
  A centaur zombie (D:7)
  2 gnoll shamans
  4 hounds
  2 jellies
  A bullfrog skeleton (D:7)
  3 iguanas
  3 orc wizards
  7 gnolls
  5 adders
  A white imp (D:7)
  2 worms (D:3)
  2 dart slugs
  11 orcs
  4 ball pythons
  2 bats
  2 endoplasms
  2 giant cockroaches
  4 goblins
  3 hobgoblins
  5 jackals
  2 quokkas
  A frilled lizard (D:2)
  10 kobolds
  2 rats
149 creatures vanquished.

Vanquished Creatures (others)
  2 fulminant prisms (Volcano)
  2 fungi (Lair:1)
  16 plants
20 creatures vanquished.

Grand Total: 169 creatures vanquished

Notes
Turn   | Place    | Note
-------+----------+-------------------------------------------
     0 | D:5      | Spectrina the Deep Elf Delver began the quest for the Orb.
     0 | D:5      | Reached XP level 1. HP: 13/13 MP: 3/3
    43 | D:4      | Noticed Blork the orc
   116 | D:5      | Noticed an ogre
   180 | D:6      | Noticed an ice beast
   207 | D:6      | Noticed a gnoll shaman
   221 | D:5      | Noticed an iguana
   236 | D:5      | Reached skill level 1 in Earth Magic
   252 | D:5      | Noticed an iguana
   335 | D:4      | Reached XP level 2. HP: 10/18 MP: 4/4
   384 | D:4      | Learned a level 1 spell: Magic Dart
   440 | D:4      | Noticed a scorpion
   457 | D:4      | Noticed a black bear
   591 | D:2      | Reached skill level 1 in Conjurations
   737 | D:1      | Reached XP level 3. HP: 18/22 MP: 2/5
  1206 | D:3      | Gained mutation: Your mind is acute. (Int +2) [potion of
                  | mutation]
  1221 | D:3      | Reached skill level 1 in Spellcasting
  1221 | D:3      | Reached XP level 4. HP: 25/27 MP: 1/8
  1226 | D:3      | Learned a level 3 spell: Stone Arrow
  1377 | D:2      | Found a faded altar of an unknown god.
  1384 | D:2      | Became a worshipper of Vehumet
  1384 | D:2      | Reached * piety under Vehumet
  1384 | D:2      | Offered knowledge of Sandblast by Vehumet.
  1387 | D:2      | Learned a level 1 spell: Sandblast
  1659 | D:4      | Reached XP level 5. HP: 16/31 MP: 0/10
  1800 | D:5      | Noticed a black bear
  1860 | D:6      | Noticed a phantom
  1951 | D:6      | Reached XP level 6. HP: 36/36 MP: 10/13
  2102 | D:7      | Learned a level 5 spell: Bolt of Magma
  2124 | D:7      | Noticed an ice beast
  2135 | D:7      | Killed an ice beast
  2136 | D:7      | Reached skill level 5 in Earth Magic
  2136 | D:7      | Reached XP level 7. HP: 40/40 MP: 4/16
  2245 | D:7      | Reached skill level 5 in Spellcasting
  2245 | D:7      | Reached skill level 1 in Fire Magic
  2341 | D:7      | Noticed a steam dragon
  2376 | D:7      | Noticed a steam dragon
  2378 | D:7      | a steam dragon changed into a killer bee
  2382 | D:7      | Reached skill level 5 in Conjurations
  2487 | D:7      | Reached XP level 8. HP: 45/45 MP: 16/18
  2489 | D:7      | Reached ** piety under Vehumet
  2491 | D:7      | Offered knowledge of Static Discharge by Vehumet.
  2587 | D:7      | Learned a level 2 spell: Static Discharge
  2653 | D:8      | Noticed Shayle's ghost (novice DsEn)
  2654 | D:8      | Found a transporter.
  2676 | D:6      | Found a staircase to the Ecumenical Temple.
  2726 | D:6      | Noticed Prince Ribbit
  2733 | D:6      | Killed Prince Ribbit
  2769 | D:6      | Found Cejewkuk's General Store.
  2791 | D:6      | Bought a scroll of identify for 26 gold pieces
  2791 | D:6      | Bought a potion of haste for 130 gold pieces
  2792 | D:6      | Bought a potion of flight for 39 gold pieces
  2792 | D:6      | Bought a potion of flight for 39 gold pieces
  2967 | D:8      | Reached XP level 9. HP: 48/49 MP: 19/22
  3014 | D:7      | Noticed a two-headed ogre
  3022 | D:7      | Killed a two-headed ogre
  3023 | D:7      | Reached skill level 5 in Fire Magic
  3218 | D:8      | Noticed Grum
  3343 | D:8      | Found a transporter.
  3353 | D:8      | Upgraded the game from 0.28-a0-32-g8dfe7f97f6 to
                  | 0.28-a0-43-g560ac104fe
  3357 | D:8      | Noticed a moth of wrath
  3358 | D:8      | Noticed an eight-headed hydra
  3441 | D:8      | Offered knowledge of Inner Flame by Vehumet.
  3447 | D:8      | Learned a level 3 spell: Inner Flame
  3483 | D:9      | Found a runed translucent gate.
  3484 | D:9      | Found a runed translucent gate.
  3486 | D:9      | Found a runed translucent gate.
  3487 | D:9      | Noticed indyram44's ghost (novice DsFi)
  3491 | D:9      | Found a staircase to the Lair.
  3512 | D:9      | Reached skill level 1 in Shields
  3520 | D:9      | Noticed a troll
  3562 | D:9      | Killed a troll
  3628 | D:8      | Noticed a centaur warrior
  3747 | D:7      | Reached XP level 10. HP: 39/54 MP: 14/25
  3798 | D:8      | Reached *** piety under Vehumet
  3798 | D:8      | Killed Grum
  3828 | D:8      | Learned a level 2 spell: Call Imp
  3830 | D:8      | Found a broken altar of Ashenzari.
  4012 | Lair:1   | Entered Level 1 of the Lair of Beasts
  4026 | Lair:1   | Noticed a cane toad
  4101 | Lair:1   | Noticed a cane toad
  4108 | Lair:1   | Killed a cane toad
  4301 | Lair:1   | Offered knowledge of Fulminant Prism by Vehumet.
  4304 | Lair:1   | Noticed a cane toad
  4318 | Lair:2   | Found a runed translucent door.
  4319 | Lair:2   | Noticed FIREandBLOOD's ghost (novice DEAM)
  4416 | Lair:2   | Learned a level 4 spell: Fulminant Prism
  4450 | Lair:2   | Found a dark tunnel.
  4457 | Volcano  | Entered a volcano
  4638 | Volcano  | Reached skill level 1 in Hexes
  4680 | Volcano  | Found a radiant altar of Vehumet.
  4680 | Volcano  | Noticed a lindwurm
  4690 | Volcano  | Reached skill level 10 in Spellcasting
  4690 | Volcano  | Reached skill level 10 in Earth Magic
  4693 | Volcano  | Killed a lindwurm
  4703 | Volcano  | Noticed a fire dragon
  4714 | Volcano  | Killed from afar by a fire dragon

Illustrated notes

Levels and vault maps discovered:
D:1:      psy_arrival_dodecagon, layout_loops_corners, serial_bayou_ford_a
D:2:      layout_rooms, shapermc_ecumenical_altar_totnotflames
D:3:      layout_basic, serial_curves, eino_curves_01, eino_curves_04,
          chequers_serial_rivers_small_3
D:4:      layout_cave_pools, uniq_blork_the_orc
D:5:      layout_loops_cross, grunt_decor_clamped
D:6:      layout_basic, minmay_temple_entry_glass, serial_shops, shop,
          uniq_prince_ribbit1, uniq_crazy_yiuf_cottage
D:7:      nzn_winding_woodlands_three_and_one
          [nzn_winding_woodlands_5x15_split_checker,
          nzn_winding_woodlands_5x15_lazy_stream,
          nzn_winding_woodlands_5x15_concentric,
          nzn_winding_woodlands_center_lodge], layout_loops_ring
D:8:      minmay_opposing_rooms, layout_gridville,
          mainiacjoe_overflow_cross_hatched, gammafunk_ghost_berserking_beasts,
          uniq_grum
D:9:      layout_grid_maze, erik_lair_island, gammafunk_ghost_ooze, uniq_joseph
Lair:1:   layout_cave_pods, serial_bayou_lagoon_a, minivault_11
Lair:2:   layout_chaotic_city, basic_altar, enter_volcano_2,
          ebering_ghost_inner_flame, serial_bayou_shore_a,
          minmay_lair_oklob_chamber, lemuel_fruit_tree
Volcano:  volcano_lake [vl_original]

Skill      XL: |  1  2  3  4  5  6  7  8  9 10 |
---------------+-------------------------------+-----
Earth Magic    | 1 2 3 4 5 7 8 10 | 10.2
Conjurations   | 1 2 3 4 5 6 7 8 |  8.7
Spellcasting   | 1 2 3 4 5 7 9 10 | 10.2
Fire Magic     | 2 4 6 7 |  7.4
Shields        | 1 3 |  3.2
Hexes          | 2 |  2.4
Fighting       | |  2.4
Short Blades   | |  2.0
Dodging        | |  2.4
Stealth        | |  6.0

Action                   |  1- 3 |  4- 6 |  7- 9 | 10-12 || total
-------------------------+-------+-------+-------+-------++-------
Melee: Short sword       |    69 |    25 |    38 |       ||   132
       Dagger            |    71 |    19 |       |       ||    90
       Glaive            |       |       |     7 |       ||     7
 Fire: Hunting sling     |       |       |     2 |    17 ||    19
Throw: Boomerang         |     3 |     2 |       |       ||     5
 Cast: Magic Dart        |    36 |    38 |    34 |    36 ||   144
       Sandblast         |       |    25 |    47 |    34 ||   106
       Stone Arrow       |       |     5 |    24 |    21 ||    50
       Bolt of Magma     |       |       |    13 |     9 ||    22
       Fulminant Prism   |       |       |       |     2 ||     2
Evoke: Wand              |    12 |     2 |    10 |     4 ||    28
  Use: Potion            |     2 |       |     4 |     6 ||    12
       Scroll            |       |       |    10 |     1 ||    11
 Stab: Sleeping          |     5 |     2 |     1 |       ||     8
       Paralysed         |       |       |     2 |       ||     2
Armor: Leather armour    |    59 |    10 |    26 |       ||    95
       Robe              |       |       |     7 |    16 ||    23
Dodge: Dodged            |   119 |    40 |    54 |    21 ||   234
Block: Buckler           |       |       |     1 |     3 ||     4

Table legend: (Time is in decaauts)
 A = Elapsed time spent in this place.
 B = Non-inter-level travel time spent in this place.
 C = Inter-level travel time spent in this place.
 D = Time resting spent in this place.
 E = Time spent auto-exploring this place.
 F = Levels seen in this place.
 G = Mean time per level.
                   A        B        C        D        E       F      G
               +--------+--------+--------+--------+--------+-----+--------+
         Total |   4751 |   4591 |    160 |      0 |      0 |  12 |  395.9 |
       Dungeon |   4055 |   3895 |    160 |      0 |      0 |   9 |  450.6 |
          Lair |    449 |    449 |      0 |      0 |      0 |   2 |  224.5 |
       Volcano |    247 |    247 |      0 |      0 |      0 |   1 |  247.0 |
               +--------+--------+--------+--------+--------+-----+--------+

Top non-repeatable levels by time:
     D:7: 1118 daAuts
     D:3: 618 daAuts
     D:8: 444 daAuts
     D:5: 427 daAuts
     D:6: 396 daAuts
     D:2: 333 daAuts
  Lair:1: 275 daAuts
     D:4: 258 daAuts
     D:9: 254 daAuts
 Volcano: 247 daAuts
     D:1: 203 daAuts
  Lair:2: 173 daAuts
